Get step-by-step instructions on how to execute this build order below. Start the game timer, and the build order will tick by so you can play in parallel with StarCraft on a second screen or mobile device.

Game Time

  0:00

Last Step

  N/A

Next Step

Upcoming Step



Don't want to look back and forth between 2 screens? Try out our Overwolf App, the Spawning Tool Build Advisor to get an in-game overlay with this build!

Complete Build Order

  12  0:37  Pylon  
  12  0:57  Gateway  
  12  0:58  Gateway  
  12  1:07  Pylon  
  12  1:22  Pylon  
  12  1:45  Gateway  
  12  1:47  Gateway  
  12  2:00  Pylon  
  12  2:37  Pylon  
  12  2:57  Gateway  
  12  3:02  Gateway  
  12  3:05  Gateway  
  12  3:14  Gateway